[ PARTIDA AOE2 · #475564142 ]
UnrankedHunos vs Byzantines
[ ANÁLISIS DE REPETICIÓN · EXTRAÍDO DE LA PARTIDA GRABADA ]
Feudal
11:31
Castillos
16:47
Imperial
45:51
| APM promedio | 15.6 |
| APM pico | 39 |
| eAPM promedio | 12.0 |
| Aldeanos / militares | 180 / 701 |
Foco
⚔️ 51.3% · 🌾 48.7%
Knight ×355 · Spearman ×342 · Trade Cart ×100 · Trebuchet (Packed) ×3 · Monk ×1
Feudal
11:33
Castillos
17:03
Imperial
38:21
| APM promedio | 17.6 |
| APM pico | 64 |
| eAPM promedio | 12.1 |
| Aldeanos / militares | 242 / 241 |
Foco
⚔️ 43.6% · 🌾 56.4%
Unknown (1949) ×413 · Scout Cavalry ×197 · Trade Cart ×130 · Unknown (1952) ×74 · Battering Ram ×44 · Unknown (1954) ×3
Feudal
15:56
Castillos
22:34
Imperial
53:13
| APM promedio | 21.7 |
| APM pico | 41 |
| eAPM promedio | 13.6 |
| Aldeanos / militares | 171 / 190 |
Foco
⚔️ 31.6% · 🌾 68.4%
Unknown (1908) ×360 · Scout Cavalry ×78 · Trade Cart ×73 · Fire Lancer ×65 · Battering Ram ×38 · Bombard Cannon ×5
Feudal
—
Castillos
—
Imperial
—
| APM promedio | 1235.1 |
| APM pico | 7362 |
| eAPM promedio | 1234.7 |
| Aldeanos / militares | 0 / 690 |
Foco
⚔️ 70.4% · 🌾 29.6%
Cataphract ×234 · Spearman ×204 · Archer ×167 · Skirmisher ×19 · Battering Ram ×17 · Bombard Cannon ×14
Feudal
—
Castillos
—
Imperial
—
| APM promedio | 658.0 |
| APM pico | 3437 |
| eAPM promedio | 657.7 |
| Aldeanos / militares | 0 / 817 |
Foco
⚔️ 57.4% · 🌾 42.6%
Karambit Warrior ×310 · Archer ×170 · Militia ×116 · Spearman ×75 · Battle Elephant ×61 · Elite Battle Elephant ×37
Feudal
—
Castillos
—
Imperial
—
| APM promedio | 750.6 |
| APM pico | 3654 |
| eAPM promedio | 749.8 |
| Aldeanos / militares | 0 / 362 |
Foco
⚔️ 80.9% · 🌾 19.1%
Archer ×100 · Scout Cavalry ×98 · Spearman ×76 · Ratha (Ranged) ×75 · Monk ×5 · Skirmisher ×4
Feudal
—
Castillos
—
Imperial
—
| APM promedio | 1077.7 |
| APM pico | 5139 |
| eAPM promedio | 1076.0 |
| Aldeanos / militares | 0 / 421 |
Foco
⚔️ 84.4% · 🌾 15.6%
Spearman ×160 · Archer ×112 · Skirmisher ×87 · Battering Ram ×40 · Trebuchet (Packed) ×10 · Cavalry Archer ×6
Feudal
—
Castillos
—
Imperial
—
| APM promedio | 856.6 |
| APM pico | 4013 |
| eAPM promedio | 856.3 |
| Aldeanos / militares | 0 / 628 |
Foco
⚔️ 86.5% · 🌾 13.5%
Militia ×240 · Spearman ×200 · Archer ×78 · Scout Cavalry ×60 · Skirmisher ×29 · Monk ×8
Mapa de la partida
Recursos iniciales + cada clic de construcción. Líneas = muros · curvas = relieve. ◆ oro · ⬟ piedra · ● bayas · ✦ reliquia · ◌ hueco del cierre
Inputs por minuto
— 724488826 - - 随便哥
Build order — 724488826
Primeras 150 de 528 acciones detectadas
| 0:05 | Crear | Villager (Male) ×4 |
| 0:05 | Crear | Villager (Male) ×4 |
| 0:17 | Construir | Mill |
| 1:30 | Crear | Villager (Male) |
| 2:01 | Crear | Villager (Male) |
| 2:01 | Crear | Villager (Male) |
| 2:38 | Crear | Villager (Male) |
| 2:39 | Crear | Villager (Male) |
| 3:17 | Crear | Villager (Male) |
| 4:00 | Crear | Villager (Male) |
| 4:07 | Crear | Villager (Male) |
| 4:17 | Crear | Villager (Male) |
| 4:21 | Crear | Villager (Male) |
| 4:25 | Crear | Villager (Male) |
| 5:34 | Crear | Villager (Male) |
| 6:15 | Crear | Villager (Male) |
| 6:20 | Crear | Villager (Male) |
| 6:57 | Crear | Villager (Male) |
| 7:08 | Construir | Lumber Camp |
| 7:29 | Crear | Villager (Male) |
| 7:30 | Crear | Villager (Male) |
| 7:43 | Construir | Mill |
| 8:13 | Crear | Villager (Male) |
| 9:17 | Construir | Mining Camp |
| 9:21 | Investigar | Feudal Age |
| 9:21 | Investigar | Feudal Age |
| 11:06 | Crear | Villager (Male) |
| 11:31 | Edad | Edad Feudal |
| 11:40 | Construir | Market |
| 11:55 | Construir | Market |
| 12:23 | Crear | Villager (Male) |
| 12:23 | Crear | Villager (Male) |
| 12:32 | Crear | Villager (Male) |
| 12:56 | Construir | Blacksmith |
| 13:22 | Crear | Villager (Male) |
| 13:27 | Investigar | Loom |
| 13:28 | Investigar | Loom |
| 13:32 | Construir | Mining Camp |
| 14:03 | Crear | Villager (Male) |
| 14:03 | Crear | Villager (Male) |
| 14:07 | Investigar | Castle Age |
| 14:24 | Investigar | Double-Bit Axe |
| 14:24 | Investigar | Double-Bit Axe |
| 14:36 | Construir | Farm |
| 14:37 | Construir | Farm |
| 14:39 | Construir | Farm |
| 14:41 | Construir | Farm |
| 16:09 | Construir | Farm |
| 16:10 | Construir | Farm |
| 16:21 | Construir | Farm |
| 16:47 | Edad | Edad de los Castillos |
| 17:19 | Crear | Villager (Male) |
| 17:19 | Crear | Villager (Male) |
| 17:32 | Crear | Villager (Male) |
| 17:50 | Construir | Farm |
| 18:09 | Construir | Farm |
| 18:10 | Construir | Farm |
| 18:31 | Construir | Town Center |
| 19:00 | Crear | Villager (Male) |
| 19:00 | Crear | Villager (Male) |
| 21:01 | Construir | Lumber Camp |
| 21:13 | Crear | Villager (Male) |
| 21:13 | Crear | Villager (Male) |
| 21:22 | Construir | Castle |
| 22:25 | Crear | Villager (Male) ×5 |
| 23:13 | Crear | Villager (Male) ×5 |
| 23:24 | Crear | Villager (Male) ×3 |
| 23:47 | Construir | University |
| 24:13 | Crear | Villager (Male) ×3 |
| 24:32 | Construir | Monastery |
| 24:35 | Crear | Villager (Male) |
| 25:15 | Investigar | Horse Collar |
| 25:28 | Crear | Monk |
| 25:49 | Crear | Villager (Male) ×2 |
| 25:54 | Construir | Farm |
| 25:57 | Construir | Farm |
| 26:05 | Construir | Mill |
| 26:07 | Crear | Villager (Male) |
| 26:16 | Construir | Farm |
| 26:17 | Construir | Farm |
| 26:21 | Construir | Farm |
| 26:24 | Construir | Farm |
| 26:27 | Crear | Villager (Male) |
| 26:44 | Construir | Town Center |
| 26:51 | Crear | Villager (Male) |
| 27:05 | Crear | Villager (Male) |
| 27:14 | Construir | Farm |
| 27:18 | Crear | Villager (Male) |
| 27:36 | Construir | Castle |
| 27:40 | Crear | Villager (Male) ×2 |
| 27:56 | Construir | Farm |
| 27:58 | Construir | Farm |
| 28:00 | Crear | Villager (Male) ×2 |
| 28:19 | Crear | Villager (Male) ×2 |
| 28:39 | Construir | Market |
| 28:46 | Construir | Market |
| 28:57 | Crear | Villager (Male) ×3 |
| 29:06 | Crear | Villager (Male) ×2 |
| 29:38 | Construir | Town Center |
| 29:56 | Construir | Town Center |
| 30:06 | Crear | Villager (Male) ×5 |
| 30:29 | Crear | Villager (Male) ×4 |
| 30:40 | Construir | Farm |
| 30:42 | Crear | Villager (Male) |
| 31:15 | Crear | Villager (Male) ×4 |
| 31:33 | Construir | Mining Camp |
| 31:35 | Crear | Villager (Male) ×3 |
| 31:46 | Crear | Villager (Male) |
| 31:55 | Construir | Farm |
| 31:56 | Construir | Farm |
| 32:01 | Construir | Farm |
| 32:03 | Construir | Farm |
| 32:07 | Construir | Farm |
| 32:13 | Construir | Farm |
| 32:15 | Construir | Farm |
| 32:17 | Crear | Villager (Male) ×3 |
| 32:21 | Crear | Villager (Male) |
| 32:30 | Crear | Villager (Male) |
| 32:43 | Construir | Farm |
| 32:45 | Construir | Farm |
| 32:51 | Crear | Villager (Male) ×3 |
| 33:09 | Construir | Farm |
| 33:10 | Construir | Farm |
| 33:12 | Construir | Farm |
| 33:16 | Construir | Farm |
| 33:18 | Construir | Farm |
| 33:20 | Construir | Farm |
| 33:22 | Construir | Farm |
| 33:25 | Construir | Farm |
| 33:26 | Construir | Mill |
| 33:27 | Crear | Villager (Male) ×5 |
| 33:49 | Construir | Farm |
| 33:52 | Construir | Farm |
| 33:53 | Construir | Farm |
| 33:55 | Construir | Farm |
| 33:58 | Construir | Farm |
| 34:00 | Construir | Farm |
| 34:01 | Construir | Farm |
| 34:03 | Construir | Farm |
| 34:04 | Construir | Mill |
| 34:05 | Crear | Villager (Male) ×5 |
| 34:07 | Investigar | Heavy Plow |
| 34:08 | Crear | Villager (Male) |
| 34:21 | Crear | Villager (Male) |
| 34:21 | Crear | Villager (Male) |
| 34:25 | Crear | Villager (Male) |
| 34:30 | Crear | Villager (Male) |
| 34:30 | Crear | Villager (Male) |
| 34:58 | Construir | Castle |
| 35:01 | Investigar | Murder Holes |
Build order — 随便哥
Primeras 150 de 689 acciones detectadas
| 0:07 | Crear | Villager (Male) |
| 0:11 | Construir | Mill |
| 0:17 | Construir | House |
| 0:19 | Construir | House |
| 0:22 | Construir | House |
| 0:23 | Construir | House |
| 0:35 | Crear | Villager (Male) |
| 0:35 | Crear | Villager (Male) |
| 0:35 | Crear | Villager (Male) |
| 0:36 | Crear | Villager (Male) |
| 2:06 | Crear | Villager (Male) |
| 2:30 | Crear | Villager (Male) |
| 2:57 | Crear | Villager (Male) |
| 3:42 | Crear | Villager (Male) |
| 3:43 | Crear | Villager (Male) |
| 3:43 | Crear | Villager (Male) |
| 4:14 | Crear | Villager (Male) |
| 4:51 | Crear | Villager (Male) |
| 5:02 | Crear | Villager (Male) |
| 5:25 | Crear | Villager (Male) |
| 5:26 | Crear | Villager (Male) |
| 5:26 | Crear | Villager (Male) |
| 5:26 | Crear | Villager (Male) |
| 6:02 | Crear | Villager (Male) |
| 6:02 | Crear | Villager (Male) |
| 6:29 | Construir | Mining Camp |
| 7:11 | Crear | Villager (Male) |
| 7:12 | Crear | Villager (Male) |
| 8:11 | Construir | Lumber Camp |
| 9:09 | Construir | Mill |
| 9:17 | Construir | Mill |
| 9:23 | Investigar | Feudal Age |
| 10:01 | Construir | House |
| 10:04 | Construir | House |
| 10:06 | Construir | House |
| 10:10 | Construir | House |
| 10:48 | Crear | Villager (Male) |
| 10:48 | Crear | Villager (Male) |
| 11:33 | Edad | Edad Feudal |
| 11:43 | Construir | Market |
| 12:04 | Construir | Blacksmith |
| 12:31 | Crear | Villager (Male) |
| 12:44 | Investigar | Horse Collar |
| 13:03 | Construir | Farm |
| 13:35 | Construir | Farm |
| 13:52 | Investigar | Loom |
| 14:12 | Construir | Farm |
| 14:13 | Construir | Farm |
| 14:14 | Construir | Farm |
| 14:23 | Investigar | Castle Age |
| 14:23 | Investigar | Castle Age |
| 14:28 | Construir | Farm |
| 14:47 | Investigar | Double-Bit Axe |
| 14:51 | Investigar | Town Watch |
| 15:18 | Construir | Mining Camp |
| 17:03 | Edad | Edad de los Castillos |
| 17:31 | Investigar | Wheelbarrow |
| 17:32 | Investigar | Wheelbarrow |
| 17:44 | Construir | Town Center |
| 17:49 | Crear | Villager (Male) |
| 17:50 | Crear | Villager (Male) |
| 17:57 | Investigar | Stone Mining |
| 17:57 | Investigar | Stone Mining |
| 18:33 | Construir | Farm |
| 19:42 | Construir | Castle |
| 19:50 | Construir | Farm |
| 19:51 | Construir | Farm |
| 19:54 | Crear | Villager (Male) |
| 19:54 | Crear | Villager (Male) |
| 19:54 | Crear | Villager (Male) |
| 19:55 | Crear | Villager (Male) |
| 20:26 | Construir | Farm |
| 20:46 | Construir | Town Center |
| 21:11 | Construir | Farm |
| 21:15 | Construir | Farm |
| 21:23 | Crear | Villager (Male) |
| 21:23 | Crear | Villager (Male) |
| 21:55 | Crear | Villager (Male) |
| 21:55 | Crear | Villager (Male) |
| 21:56 | Crear | Villager (Male) |
| 21:56 | Crear | Villager (Male) |
| 21:56 | Crear | Villager (Male) |
| 21:57 | Crear | Villager (Male) |
| 22:05 | Construir | Farm |
| 22:07 | Construir | Farm |
| 22:39 | Construir | Farm |
| 22:54 | Investigar | Gold Mining |
| 22:56 | Construir | Farm |
| 23:02 | Crear | Villager (Male) |
| 23:03 | Crear | Villager (Male) |
| 23:03 | Crear | Villager (Male) |
| 23:20 | Crear | Villager (Male) |
| 23:20 | Crear | Villager (Male) |
| 23:21 | Crear | Villager (Male) |
| 23:25 | Construir | Farm |
| 23:34 | Construir | Farm |
| 23:40 | Construir | Farm |
| 23:41 | Crear | Villager (Male) |
| 23:41 | Crear | Villager (Male) |
| 23:42 | Crear | Villager (Male) |
| 23:42 | Crear | Villager (Male) |
| 23:53 | Crear | Villager (Male) |
| 23:53 | Crear | Villager (Male) |
| 24:00 | Construir | Farm |
| 24:04 | Crear | Villager (Male) |
| 24:04 | Crear | Villager (Male) |
| 24:08 | Construir | Farm |
| 24:15 | Crear | Villager (Male) |
| 24:16 | Crear | Villager (Male) |
| 24:39 | Construir | Castle |
| 24:44 | Crear | Villager (Male) |
| 24:44 | Crear | Villager (Male) |
| 24:44 | Crear | Villager (Male) |
| 24:45 | Crear | Villager (Male) |
| 24:45 | Crear | Villager (Male) |
| 24:57 | Construir | Farm |
| 25:01 | Construir | Farm |
| 25:08 | Investigar | Bow Saw |
| 25:08 | Investigar | Bow Saw |
| 25:25 | Construir | Town Center |
| 25:29 | Crear | Villager (Male) |
| 25:29 | Crear | Villager (Male) |
| 25:29 | Crear | Villager (Male) |
| 25:30 | Crear | Villager (Male) |
| 25:41 | Construir | Town Center |
| 25:49 | Construir | House |
| 25:50 | Construir | House |
| 25:52 | Construir | House |
| 25:54 | Construir | House |
| 25:55 | Construir | House |
| 25:58 | Crear | Villager (Male) ×4 |
| 25:58 | Crear | Villager (Male) ×4 |
| 26:12 | Construir | Farm |
| 26:12 | Construir | Farm |
| 26:14 | Crear | Villager (Male) |
| 26:14 | Crear | Villager (Male) |
| 26:14 | Crear | Villager (Male) |
| 26:14 | Crear | Villager (Male) |
| 26:15 | Crear | Villager (Male) |
| 26:15 | Crear | Villager (Male) |
| 26:22 | Construir | Farm |
| 26:22 | Construir | Farm |
| 26:31 | Crear | Villager (Male) |
| 26:31 | Crear | Villager (Male) |
| 26:40 | Crear | Villager (Male) |
| 26:40 | Crear | Villager (Male) |
| 26:51 | Construir | Market |
| 27:03 | Construir | Mining Camp |
| 27:07 | Crear | Villager (Male) ×3 |
| 27:07 | Crear | Villager (Male) ×3 |
Build order — 勇敢的叉叉
Primeras 150 de 561 acciones detectadas
| 0:10 | Construir | House |
| 0:13 | Construir | House |
| 0:15 | Construir | House |
| 0:19 | Crear | Villager (Male) |
| 0:19 | Crear | Villager (Male) |
| 0:20 | Crear | Villager (Male) |
| 0:20 | Crear | Villager (Male) |
| 2:00 | Crear | Villager (Male) |
| 2:00 | Crear | Villager (Male) |
| 2:08 | Construir | Lumber Camp |
| 2:53 | Crear | Villager (Male) |
| 2:54 | Crear | Villager (Male) |
| 2:54 | Crear | Villager (Male) |
| 3:52 | Crear | Villager (Male) |
| 3:52 | Crear | Villager (Male) |
| 4:57 | Construir | Mill |
| 5:06 | Crear | Villager (Male) ×2 |
| 6:51 | Construir | Mill |
| 7:25 | Crear | Villager (Male) |
| 7:26 | Crear | Villager (Male) |
| 7:26 | Crear | Villager (Male) |
| 8:25 | Crear | Villager (Male) |
| 8:25 | Crear | Villager (Male) |
| 8:34 | Construir | House |
| 8:46 | Construir | House |
| 8:48 | Construir | House |
| 8:50 | Construir | House |
| 8:56 | Crear | Villager (Male) |
| 10:20 | Crear | Villager (Male) |
| 10:20 | Crear | Villager (Male) |
| 10:48 | Construir | Barracks |
| 11:10 | Crear | Villager (Male) |
| 11:27 | Construir | House |
| 11:30 | Construir | House |
| 11:32 | Construir | House |
| 11:41 | Investigar | Loom |
| 11:43 | Crear | Villager (Male) |
| 11:44 | Crear | Villager (Male) |
| 12:52 | Construir | House |
| 12:54 | Construir | House |
| 12:56 | Construir | House |
| 13:01 | Construir | Palisade Wall |
| 13:07 | Construir | House |
| 13:20 | Construir | Lumber Camp |
| 13:30 | Construir | Farm |
| 13:31 | Construir | Farm |
| 13:31 | Construir | Farm |
| 13:31 | Construir | Farm |
| 13:33 | Construir | Farm |
| 13:46 | Investigar | Feudal Age |
| 14:07 | Construir | Mining Camp |
| 15:31 | Construir | Farm |
| 15:31 | Construir | Farm |
| 15:34 | Construir | Farm |
| 15:56 | Edad | Edad Feudal |
| 16:04 | Crear | Villager (Male) |
| 16:04 | Crear | Villager (Male) |
| 16:08 | Investigar | Town Watch |
| 16:09 | Investigar | Wheelbarrow |
| 16:11 | Crear | Villager (Male) |
| 16:14 | Crear | Villager (Male) |
| 16:15 | Investigar | Double-Bit Axe |
| 16:39 | Construir | Farm |
| 16:39 | Construir | Farm |
| 17:09 | Construir | Blacksmith |
| 17:12 | Construir | House |
| 17:22 | Construir | Market |
| 17:35 | Construir | Palisade Wall |
| 17:48 | Construir | House |
| 17:49 | Construir | House |
| 17:51 | Construir | House |
| 18:02 | Investigar | Horse Collar |
| 19:05 | Construir | Blacksmith |
| 19:47 | Construir | House |
| 19:54 | Investigar | Castle Age |
| 20:05 | Construir | House |
| 20:07 | Construir | House |
| 20:28 | Construir | Building 804 |
| 20:35 | Investigar | Gold Mining |
| 20:36 | Investigar | Stone Mining |
| 21:19 | Construir | Palisade Wall |
| 21:29 | Construir | Mining Camp |
| 21:44 | Construir | Palisade Gate |
| 22:11 | Construir | Palisade Wall |
| 22:21 | Crear | Villager (Male) |
| 22:22 | Crear | Villager (Male) |
| 22:24 | Crear | Villager (Male) |
| 22:34 | Edad | Edad de los Castillos |
| 23:36 | Construir | Town Center |
| 24:28 | Investigar | Scale Barding Armor |
| 24:43 | Crear | Villager (Male) |
| 24:44 | Crear | Villager (Male) |
| 24:44 | Crear | Villager (Male) |
| 24:45 | Crear | Villager (Male) |
| 25:04 | Investigar | Stone Shaft Mining |
| 25:31 | Crear | Villager (Male) ×5 |
| 26:23 | Construir | Farm |
| 26:34 | Crear | Villager (Male) |
| 26:34 | Crear | Villager (Male) |
| 26:42 | Construir | Town Center |
| 27:28 | Investigar | Forging |
| 27:49 | Construir | Castle |
| 28:06 | Investigar | Bow Saw |
| 28:15 | Crear | Villager (Male) |
| 28:15 | Crear | Villager (Male) |
| 28:29 | Construir | Town Center |
| 28:57 | Crear | Villager (Male) |
| 29:05 | Construir | Farm |
| 29:06 | Construir | Farm |
| 29:06 | Construir | Farm |
| 29:07 | Construir | Farm |
| 29:13 | Construir | Farm |
| 29:14 | Construir | Farm |
| 29:14 | Construir | Farm |
| 29:14 | Construir | Farm |
| 29:19 | Crear | Villager (Male) |
| 29:53 | Construir | Monastery |
| 30:11 | Crear | Villager (Male) ×3 |
| 30:18 | Construir | Farm |
| 30:19 | Construir | Farm |
| 30:19 | Construir | Farm |
| 30:36 | Construir | Farm |
| 30:36 | Construir | Farm |
| 30:37 | Construir | Farm |
| 30:38 | Construir | Farm |
| 30:39 | Construir | Farm |
| 30:40 | Construir | Farm |
| 30:40 | Construir | Farm |
| 30:41 | Construir | Farm |
| 30:41 | Construir | Farm |
| 30:45 | Construir | Farm |
| 30:45 | Construir | Farm |
| 31:06 | Investigar | Heavy Plow |
| 31:08 | Crear | Villager (Male) ×3 |
| 31:29 | Crear | Villager (Male) ×2 |
| 31:40 | Construir | Mill |
| 31:42 | Construir | Farm |
| 31:43 | Construir | Farm |
| 31:43 | Construir | Farm |
| 31:43 | Construir | Farm |
| 31:44 | Construir | Farm |
| 31:44 | Construir | Farm |
| 31:45 | Construir | Farm |
| 31:45 | Construir | Farm |
| 31:46 | Construir | Farm |
| 31:51 | Crear | Villager (Male) |
| 31:52 | Crear | Villager (Male) |
| 31:56 | Crear | Monk |
| 32:04 | Construir | Lumber Camp |
| 32:29 | Construir | Farm |
Build order —
Primeras 150 de 1263 acciones detectadas
| 0:01 | Construir | House |
| 0:01 | Construir | House |
| 0:01 | Construir | House |
| 0:02 | Construir | House |
| 1:42 | Construir | Lumber Camp |
| 3:46 | Construir | House |
| 4:12 | Construir | Mill |
| 5:45 | Construir | Lumber Camp |
| 5:51 | Construir | House |
| 6:41 | Investigar | Tech None |
| 8:22 | Construir | Farm |
| 8:23 | Construir | House |
| 8:42 | Construir | Mining Camp |
| 8:43 | Construir | Farm |
| 9:03 | Investigar | Tech None |
| 9:44 | Construir | Barracks |
| 11:13 | Investigar | Tech None |
| 11:13 | Construir | Archery Range |
| 11:14 | Construir | Farm |
| 11:15 | Investigar | Tech None |
| 11:38 | Construir | House |
| 11:58 | Crear | Archer |
| 12:13 | Construir | Archery Range |
| 12:33 | Construir | Farm |
| 12:36 | Construir | House |
| 12:40 | Construir | House |
| 12:51 | Construir | Farm |
| 13:12 | Crear | Archer |
| 13:23 | Construir | Watch Tower |
| 13:29 | Construir | Watch Tower |
| 13:43 | Crear | Skirmisher |
| 13:50 | Construir | Farm |
| 14:05 | Construir | Farm |
| 14:15 | Construir | Farm |
| 14:27 | Construir | Farm |
| 14:33 | Crear | Skirmisher |
| 14:41 | Construir | House |
| 14:44 | Crear | Skirmisher |
| 14:44 | Construir | House |
| 14:52 | Construir | House |
| 15:09 | Crear | Archer |
| 15:18 | Construir | Farm |
| 15:25 | Investigar | Tech None |
| 15:33 | Construir | Farm |
| 15:39 | Construir | Farm |
| 15:45 | Crear | Archer |
| 15:59 | Crear | Skirmisher |
| 16:20 | Crear | Archer |
| 16:26 | Crear | Skirmisher |
| 16:37 | Construir | Blacksmith |
| 16:52 | Investigar | Tech None |
| 16:55 | Construir | House |
| 17:01 | Construir | House |
| 17:23 | Construir | Lumber Camp |
| 17:25 | Investigar | Tech None |
| 17:40 | Construir | Farm |
| 17:48 | Construir | Farm |
| 17:59 | Construir | Farm |
| 18:10 | Investigar | Tech None |
| 18:18 | Construir | Farm |
| 18:30 | Construir | Farm |
| 18:48 | Construir | Farm |
| 19:04 | Construir | Farm |
| 19:05 | Crear | Archer |
| 19:10 | Crear | Archer |
| 19:10 | Crear | Archer |
| 19:35 | Construir | House |
| 19:38 | Construir | House |
| 19:45 | Construir | Farm |
| 20:12 | Construir | Lumber Camp |
| 20:25 | Construir | Farm |
| 20:52 | Investigar | Tech None |
| 20:52 | Construir | Mining Camp |
| 21:16 | Construir | Archery Range |
| 21:22 | Crear | Skirmisher |
| 21:23 | Crear | Skirmisher |
| 21:48 | Construir | House |
| 21:49 | Construir | House |
| 21:58 | Crear | Skirmisher |
| 21:59 | Crear | Skirmisher |
| 22:13 | Crear | Skirmisher |
| 22:39 | Crear | Skirmisher |
| 22:51 | Crear | Skirmisher |
| 23:06 | Crear | Skirmisher |
| 23:17 | Crear | Skirmisher |
| 23:18 | Crear | Skirmisher |
| 23:32 | Crear | Skirmisher |
| 23:32 | Construir | House |
| 23:33 | Investigar | Tech None |
| 23:43 | Investigar | Tech None |
| 23:44 | Investigar | Tech None |
| 24:29 | Crear | Archer |
| 24:29 | Construir | Town Center |
| 24:29 | Investigar | Tech None |
| 24:31 | Construir | Town Center |
| 24:32 | Construir | Town Center |
| 24:34 | Construir | House |
| 24:35 | Construir | House |
| 25:17 | Construir | Siege Workshop |
| 25:19 | Crear | Archer |
| 25:36 | Investigar | Tech None |
| 25:40 | Crear | Archer |
| 25:47 | Crear | Archer |
| 25:48 | Crear | Archer |
| 25:55 | Crear | Skirmisher |
| 25:55 | Crear | Skirmisher |
| 26:28 | Crear | Battering Ram |
| 26:28 | Construir | Town Center |
| 26:39 | Crear | Archer |
| 26:39 | Crear | Skirmisher |
| 26:39 | Construir | Town Center |
| 26:50 | Construir | Town Center |
| 27:20 | Construir | House |
| 27:28 | Construir | House |
| 27:28 | Construir | House |
| 27:31 | Construir | Farm |
| 27:39 | Construir | Farm |
| 27:44 | Construir | Farm |
| 27:49 | Construir | House |
| 27:59 | Construir | Farm |
| 28:03 | Construir | House |
| 28:08 | Construir | Farm |
| 28:12 | Construir | Farm |
| 28:28 | Construir | Lumber Camp |
| 28:37 | Construir | Farm |
| 28:41 | Construir | Farm |
| 28:57 | Crear | Archer |
| 28:57 | Crear | Archer |
| 28:58 | Crear | Archer |
| 28:59 | Crear | Archer |
| 29:03 | Construir | Farm |
| 29:09 | Investigar | Tech None |
| 29:09 | Crear | Mangonel |
| 29:09 | Construir | Farm |
| 29:37 | Investigar | Tech None |
| 29:38 | Construir | Farm |
| 29:42 | Construir | Farm |
| 29:51 | Construir | Farm |
| 29:54 | Construir | Farm |
| 29:58 | Construir | Farm |
| 30:10 | Construir | Farm |
| 30:16 | Construir | Farm |
| 30:22 | Construir | Farm |
| 30:26 | Construir | Farm |
| 30:31 | Construir | Farm |
| 30:54 | Construir | Farm |
| 30:58 | Investigar | Tech None |
| 30:59 | Construir | Farm |
| 31:03 | Construir | Farm |
| 31:04 | Construir | Farm |
Build order —
Primeras 150 de 1330 acciones detectadas
| 0:01 | Construir | House |
| 0:01 | Construir | House |
| 0:01 | Construir | House |
| 0:01 | Construir | House |
| 1:43 | Construir | Lumber Camp |
| 2:25 | Investigar | Tech None |
| 5:01 | Construir | Mill |
| 6:42 | Construir | Lumber Camp |
| 10:30 | Construir | House |
| 12:11 | Construir | Lumber Camp |
| 12:18 | Construir | House |
| 13:29 | Construir | Mining Camp |
| 13:58 | Construir | Farm |
| 14:23 | Construir | House |
| 14:23 | Construir | House |
| 14:32 | Construir | Farm |
| 15:20 | Construir | Farm |
| 16:04 | Construir | Farm |
| 16:28 | Construir | House |
| 16:44 | Investigar | Tech None |
| 17:34 | Construir | Barracks |
| 18:38 | Construir | Stable |
| 19:33 | Construir | House |
| 19:34 | Construir | Blacksmith |
| 20:06 | Investigar | Tech None |
| 20:16 | Investigar | Tech None |
| 20:36 | Investigar | Tech None |
| 20:38 | Construir | House |
| 21:00 | Construir | Farm |
| 21:07 | Construir | Farm |
| 21:25 | Construir | Farm |
| 21:32 | Construir | Farm |
| 21:46 | Construir | Farm |
| 21:52 | Crear | Knight |
| 21:52 | Crear | Battle Elephant |
| 22:18 | Investigar | Tech None |
| 22:39 | Crear | Knight |
| 22:41 | Construir | Town Center |
| 22:46 | Construir | House |
| 22:50 | Construir | House |
| 23:11 | Construir | Farm |
| 23:18 | Construir | Farm |
| 23:39 | Construir | Farm |
| 23:59 | Construir | Farm |
| 24:34 | Crear | Battle Elephant |
| 24:34 | Crear | Battle Elephant |
| 24:41 | Construir | Farm |
| 24:43 | Construir | Farm |
| 24:49 | Construir | Farm |
| 25:08 | Investigar | Tech None |
| 25:43 | Construir | Town Center |
| 25:48 | Construir | House |
| 25:53 | Construir | House |
| 26:06 | Construir | Farm |
| 26:13 | Construir | Farm |
| 26:29 | Construir | Farm |
| 26:35 | Construir | Farm |
| 26:42 | Construir | Farm |
| 26:54 | Construir | Farm |
| 27:08 | Construir | Lumber Camp |
| 27:28 | Investigar | Tech None |
| 27:37 | Construir | Farm |
| 27:42 | Construir | Farm |
| 27:47 | Construir | Farm |
| 28:02 | Construir | Farm |
| 28:08 | Construir | Farm |
| 28:17 | Construir | Farm |
| 28:28 | Construir | House |
| 28:28 | Construir | House |
| 28:37 | Construir | Farm |
| 28:52 | Construir | Farm |
| 29:00 | Construir | Farm |
| 29:06 | Construir | Lumber Camp |
| 29:17 | Construir | Farm |
| 29:23 | Investigar | Tech None |
| 29:30 | Construir | Farm |
| 29:42 | Construir | Farm |
| 29:51 | Construir | House |
| 29:52 | Construir | House |
| 29:52 | Construir | House |
| 29:52 | Construir | House |
| 29:57 | Construir | Farm |
| 30:11 | Crear | Battle Elephant |
| 30:12 | Crear | Battle Elephant |
| 30:16 | Construir | Farm |
| 30:17 | Construir | Farm |
| 30:18 | Construir | Mill |
| 30:41 | Construir | Farm |
| 30:44 | Construir | House |
| 30:47 | Construir | House |
| 30:56 | Construir | Farm |
| 30:58 | Investigar | Tech None |
| 31:06 | Construir | Farm |
| 31:16 | Construir | House |
| 31:16 | Construir | House |
| 31:23 | Construir | Monastery |
| 31:25 | Investigar | Tech None |
| 31:31 | Construir | Farm |
| 31:44 | Crear | Battle Elephant |
| 31:44 | Crear | Battle Elephant |
| 31:48 | Construir | Market |
| 31:56 | Construir | Farm |
| 32:09 | Crear | Monk |
| 32:09 | Crear | Monk |
| 32:10 | Crear | Monk |
| 32:16 | Construir | Stable |
| 32:21 | Investigar | Tech None |
| 32:21 | Construir | Farm |
| 32:26 | Construir | Farm |
| 32:27 | Construir | Farm |
| 32:31 | Investigar | Tech None |
| 32:39 | Construir | Mill |
| 32:43 | Construir | House |
| 32:46 | Construir | House |
| 32:46 | Construir | House |
| 32:55 | Construir | Farm |
| 33:00 | Crear | Monk |
| 33:01 | Crear | Monk |
| 33:02 | Construir | Farm |
| 33:08 | Construir | Lumber Camp |
| 33:13 | Construir | Farm |
| 33:21 | Construir | House |
| 33:22 | Investigar | Tech None |
| 33:27 | Construir | Mining Camp |
| 33:36 | Construir | Farm |
| 33:42 | Construir | House |
| 33:46 | Investigar | Tech None |
| 33:52 | Crear | Monk |
| 33:53 | Construir | Farm |
| 34:00 | Crear | Battle Elephant |
| 34:18 | Construir | Farm |
| 34:18 | Construir | House |
| 34:19 | Construir | Farm |
| 34:19 | Construir | House |
| 34:19 | Construir | Farm |
| 34:20 | Construir | Farm |
| 34:20 | Construir | Farm |
| 34:22 | Construir | Farm |
| 34:25 | Crear | Battle Elephant |
| 34:26 | Construir | Farm |
| 34:43 | Construir | House |
| 34:43 | Construir | House |
| 34:47 | Construir | Stable |
| 34:49 | Crear | Battle Elephant |
| 34:50 | Crear | Battle Elephant |
| 34:59 | Construir | Farm |
| 35:03 | Construir | Farm |
| 35:13 | Construir | House |
| 35:14 | Construir | House |
| 35:37 | Construir | Town Center |
Build order —
Primeras 150 de 852 acciones detectadas
| 0:01 | Construir | House |
| 0:01 | Construir | House |
| 0:01 | Construir | House |
| 0:01 | Construir | House |
| 1:43 | Construir | Lumber Camp |
| 4:28 | Construir | House |
| 5:07 | Construir | Mill |
| 6:41 | Construir | Lumber Camp |
| 6:58 | Construir | House |
| 7:30 | Construir | House |
| 8:01 | Investigar | Tech None |
| 9:12 | Investigar | Tech None |
| 9:16 | Construir | House |
| 9:54 | Construir | Barracks |
| 11:26 | Construir | Stable |
| 11:27 | Investigar | Tech None |
| 11:28 | Investigar | Tech None |
| 11:51 | Construir | House |
| 12:02 | Construir | Mining Camp |
| 12:19 | Construir | Farm |
| 12:33 | Construir | Farm |
| 12:50 | Construir | Farm |
| 12:58 | Construir | Farm |
| 13:07 | Construir | House |
| 13:16 | Construir | Farm |
| 13:30 | Construir | Farm |
| 14:04 | Construir | Archery Range |
| 14:21 | Construir | House |
| 14:38 | Construir | Archery Range |
| 14:44 | Construir | House |
| 15:00 | Construir | Farm |
| 15:13 | Crear | Archer |
| 15:21 | Construir | Farm |
| 15:36 | Investigar | Tech None |
| 15:43 | Crear | Archer |
| 15:52 | Crear | Archer |
| 16:08 | Construir | Lumber Camp |
| 16:16 | Construir | Farm |
| 16:24 | Construir | Farm |
| 16:51 | Construir | Lumber Camp |
| 17:27 | Construir | Blacksmith |
| 17:38 | Construir | House |
| 17:39 | Construir | House |
| 17:50 | Investigar | Tech None |
| 18:05 | Construir | Farm |
| 18:10 | Investigar | Tech None |
| 18:21 | Construir | Farm |
| 18:37 | Construir | Farm |
| 18:41 | Investigar | Tech None |
| 18:50 | Construir | Farm |
| 19:05 | Construir | Farm |
| 19:20 | Construir | Farm |
| 19:41 | Construir | Farm |
| 19:51 | Construir | Farm |
| 20:05 | Construir | Farm |
| 20:21 | Construir | Farm |
| 20:25 | Crear | Archer |
| 20:27 | Crear | Archer |
| 20:47 | Construir | Farm |
| 21:00 | Crear | Archer |
| 21:00 | Construir | House |
| 21:03 | Investigar | Tech None |
| 21:03 | Construir | House |
| 21:52 | Construir | Archery Range |
| 21:58 | Crear | Archer |
| 22:06 | Crear | Archer |
| 22:50 | Crear | Archer |
| 23:00 | Crear | Skirmisher |
| 23:25 | Crear | Archer |
| 23:25 | Crear | Skirmisher |
| 23:34 | Crear | Archer |
| 23:34 | Crear | Skirmisher |
| 23:35 | Crear | Skirmisher |
| 23:44 | Investigar | Tech None |
| 23:44 | Construir | Town Center |
| 23:45 | Investigar | Tech None |
| 23:51 | Investigar | Tech None |
| 24:09 | Investigar | Tech None |
| 24:10 | Construir | House |
| 24:32 | Construir | Town Center |
| 24:39 | Construir | House |
| 24:46 | Construir | House |
| 25:05 | Construir | Monastery |
| 25:19 | Construir | Farm |
| 25:19 | Construir | House |
| 25:21 | Construir | House |
| 25:26 | Construir | Farm |
| 25:37 | Construir | Farm |
| 25:42 | Investigar | Tech None |
| 25:57 | Construir | University |
| 26:05 | Construir | Farm |
| 26:19 | Construir | Farm |
| 26:20 | Crear | Monk |
| 26:26 | Construir | Lumber Camp |
| 26:39 | Construir | Farm |
| 26:47 | Construir | Farm |
| 26:53 | Construir | Farm |
| 27:02 | Construir | Farm |
| 27:11 | Construir | Farm |
| 27:46 | Construir | House |
| 27:53 | Construir | House |
| 27:57 | Investigar | Tech None |
| 28:02 | Construir | Farm |
| 28:03 | Construir | Farm |
| 28:16 | Construir | House |
| 28:23 | Investigar | Tech None |
| 28:52 | Construir | Farm |
| 28:56 | Construir | Farm |
| 28:58 | Investigar | Tech None |
| 29:08 | Construir | Farm |
| 29:12 | Construir | Farm |
| 29:17 | Construir | Farm |
| 29:22 | Construir | Farm |
| 29:29 | Construir | Farm |
| 29:38 | Construir | Farm |
| 29:49 | Construir | Farm |
| 30:01 | Construir | House |
| 30:02 | Construir | House |
| 30:12 | Construir | Lumber Camp |
| 30:14 | Investigar | Tech None |
| 30:27 | Construir | Mill |
| 30:50 | Construir | Market |
| 31:07 | Construir | Archery Range |
| 31:08 | Investigar | Tech None |
| 31:15 | Construir | House |
| 31:15 | Construir | House |
| 31:16 | Construir | House |
| 31:16 | Construir | House |
| 31:25 | Construir | Siege Workshop |
| 31:37 | Construir | Farm |
| 31:46 | Construir | House |
| 31:50 | Construir | Farm |
| 31:53 | Construir | Farm |
| 32:00 | Construir | Farm |
| 32:06 | Construir | House |
| 32:12 | Construir | Castle |
| 32:14 | Construir | Mining Camp |
| 32:27 | Construir | Farm |
| 32:31 | Construir | Farm |
| 32:34 | Construir | Farm |
| 32:38 | Construir | Farm |
| 32:44 | Construir | Farm |
| 32:52 | Construir | Farm |
| 32:58 | Construir | Farm |
| 33:06 | Construir | Farm |
| 33:11 | Construir | Farm |
| 33:16 | Construir | Farm |
| 33:22 | Construir | Farm |
| 33:25 | Construir | House |
| 33:28 | Construir | Farm |
Build order —
Primeras 150 de 833 acciones detectadas
| 0:01 | Construir | House |
| 0:01 | Construir | House |
| 0:01 | Construir | House |
| 0:01 | Construir | House |
| 1:44 | Construir | Lumber Camp |
| 5:01 | Construir | Mill |
| 6:16 | Construir | Lumber Camp |
| 9:16 | Construir | House |
| 11:12 | Investigar | Tech None |
| 11:12 | Construir | Lumber Camp |
| 11:13 | Construir | Mining Camp |
| 11:20 | Investigar | Tech None |
| 11:20 | Construir | House |
| 13:06 | Construir | Barracks |
| 13:33 | Investigar | Tech None |
| 14:01 | Investigar | Tech None |
| 14:54 | Construir | Archery Range |
| 15:11 | Construir | House |
| 15:18 | Construir | Farm |
| 15:35 | Crear | Archer |
| 16:11 | Crear | Archer |
| 16:26 | Construir | Farm |
| 16:35 | Construir | House |
| 16:37 | Construir | Farm |
| 17:05 | Crear | Archer |
| 17:05 | Construir | House |
| 17:40 | Construir | Archery Range |
| 17:45 | Construir | House |
| 17:49 | Construir | House |
| 18:01 | Construir | House |
| 18:16 | Construir | Farm |
| 18:36 | Construir | Farm |
| 18:40 | Crear | Archer |
| 18:55 | Crear | Archer |
| 19:14 | Construir | Farm |
| 19:31 | Crear | Archer |
| 19:51 | Construir | House |
| 19:51 | Construir | House |
| 20:01 | Construir | Farm |
| 20:45 | Construir | Farm |
| 20:59 | Construir | Blacksmith |
| 21:12 | Construir | Farm |
| 21:16 | Investigar | Tech None |
| 21:18 | Construir | House |
| 21:27 | Construir | House |
| 21:40 | Investigar | Tech None |
| 21:46 | Investigar | Tech None |
| 21:57 | Construir | Farm |
| 22:14 | Construir | Farm |
| 22:17 | Investigar | Tech None |
| 22:30 | Construir | Farm |
| 22:48 | Construir | Farm |
| 22:55 | Construir | Farm |
| 23:14 | Construir | Farm |
| 23:26 | Construir | Farm |
| 23:44 | Construir | Lumber Camp |
| 24:01 | Construir | Farm |
| 24:13 | Construir | Farm |
| 24:15 | Crear | Archer |
| 24:17 | Investigar | Tech None |
| 25:09 | Construir | Archery Range |
| 25:41 | Crear | Archer |
| 25:54 | Crear | Skirmisher |
| 26:09 | Crear | Skirmisher |
| 26:17 | Crear | Skirmisher |
| 26:52 | Construir | House |
| 26:52 | Construir | House |
| 26:58 | Investigar | Tech None |
| 27:02 | Investigar | Tech None |
| 27:03 | Investigar | Tech None |
| 27:06 | Construir | Town Center |
| 27:54 | Construir | Town Center |
| 28:19 | Investigar | Tech None |
| 28:58 | Construir | House |
| 29:05 | Construir | House |
| 29:15 | Construir | Farm |
| 29:26 | Construir | Farm |
| 29:30 | Construir | Farm |
| 29:37 | Construir | House |
| 29:47 | Construir | Farm |
| 29:52 | Construir | Farm |
| 30:08 | Construir | Farm |
| 30:17 | Construir | Lumber Camp |
| 30:27 | Construir | Farm |
| 30:50 | Construir | Monastery |
| 30:50 | Construir | Monastery |
| 30:59 | Construir | House |
| 31:00 | Construir | House |
| 31:06 | Construir | Farm |
| 31:14 | Construir | Farm |
| 31:23 | Construir | Farm |
| 31:27 | Construir | Farm |
| 31:33 | Construir | Farm |
| 31:50 | Construir | Farm |
| 31:59 | Construir | Farm |
| 32:02 | Investigar | Tech None |
| 32:02 | Crear | Monk |
| 32:10 | Construir | Farm |
| 32:10 | Construir | Farm |
| 32:23 | Construir | Market |
| 32:34 | Construir | Mining Camp |
| 32:36 | Construir | House |
| 33:02 | Construir | Siege Workshop |
| 33:25 | Investigar | Tech None |
| 33:27 | Investigar | Tech None |
| 33:28 | Crear | Cavalry Archer |
| 33:28 | Construir | House |
| 33:30 | Construir | House |
| 33:34 | Crear | Cavalry Archer |
| 33:34 | Construir | House |
| 33:36 | Construir | House |
| 33:40 | Crear | Cavalry Archer |
| 33:40 | Crear | Cavalry Archer |
| 33:46 | Construir | Farm |
| 33:57 | Construir | Farm |
| 34:00 | Construir | Farm |
| 34:03 | Construir | Farm |
| 34:08 | Investigar | Tech None |
| 34:08 | Construir | House |
| 34:19 | Construir | Farm |
| 34:21 | Construir | Farm |
| 34:32 | Construir | House |
| 34:41 | Construir | Farm |
| 34:49 | Crear | Cavalry Archer |
| 34:50 | Crear | Cavalry Archer |
| 34:55 | Investigar | Tech None |
| 35:00 | Construir | Farm |
| 35:05 | Construir | Farm |
| 35:19 | Construir | Farm |
| 35:22 | Construir | Farm |
| 35:23 | Construir | Farm |
| 35:31 | Construir | Farm |
| 35:37 | Construir | House |
| 35:39 | Construir | House |
| 35:51 | Construir | Farm |
| 35:59 | Construir | Farm |
| 36:04 | Construir | Farm |
| 36:14 | Construir | Farm |
| 36:16 | Construir | Farm |
| 36:18 | Construir | Farm |
| 36:27 | Construir | Farm |
| 36:35 | Construir | Lumber Camp |
| 36:37 | Construir | Farm |
| 36:41 | Construir | Farm |
| 36:44 | Construir | Farm |
| 37:00 | Construir | Lumber Camp |
| 37:02 | Investigar | Tech None |
| 37:06 | Crear | Archer |
| 37:06 | Construir | House |
| 37:08 | Crear | Archer |
Build order —
Primeras 150 de 1075 acciones detectadas
| 0:01 | Construir | House |
| 0:01 | Construir | House |
| 0:01 | Construir | House |
| 0:01 | Construir | House |
| 0:03 | Construir | House |
| 1:43 | Construir | Lumber Camp |
| 3:46 | Construir | House |
| 4:12 | Construir | Mill |
| 5:03 | Construir | Lumber Camp |
| 5:52 | Construir | House |
| 6:42 | Investigar | Tech None |
| 7:54 | Construir | Mining Camp |
| 7:55 | Construir | Farm |
| 8:11 | Investigar | Tech None |
| 8:11 | Construir | House |
| 8:54 | Construir | Barracks |
| 10:32 | Construir | Archery Range |
| 10:33 | Investigar | Tech None |
| 10:33 | Construir | Archery Range |
| 10:39 | Investigar | Tech None |
| 10:43 | Construir | House |
| 10:51 | Construir | House |
| 11:08 | Construir | Farm |
| 11:22 | Crear | Archer |
| 11:31 | Crear | Archer |
| 11:53 | Construir | Farm |
| 12:16 | Construir | Farm |
| 12:40 | Construir | Blacksmith |
| 12:54 | Construir | Farm |
| 13:08 | Construir | House |
| 13:11 | Construir | House |
| 13:21 | Construir | Farm |
| 13:39 | Construir | Farm |
| 13:52 | Construir | Lumber Camp |
| 14:04 | Crear | Archer |
| 14:12 | Construir | Farm |
| 14:29 | Crear | Archer |
| 14:34 | Construir | Farm |
| 14:59 | Crear | Archer |
| 15:26 | Crear | Archer |
| 15:26 | Construir | House |
| 15:28 | Construir | House |
| 15:29 | Investigar | Tech None |
| 15:50 | Crear | Archer |
| 16:02 | Crear | Archer |
| 16:40 | Construir | Market |
| 16:40 | Construir | Archery Range |
| 16:42 | Construir | Farm |
| 16:44 | Investigar | Tech None |
| 16:56 | Construir | Farm |
| 17:04 | Crear | Archer |
| 17:05 | Crear | Archer |
| 17:13 | Investigar | Tech None |
| 17:24 | Investigar | Tech None |
| 17:41 | Crear | Archer |
| 17:41 | Construir | House |
| 17:43 | Construir | House |
| 17:58 | Crear | Archer |
| 18:18 | Construir | Lumber Camp |
| 18:35 | Construir | Farm |
| 18:41 | Crear | Archer |
| 18:47 | Crear | Archer |
| 18:58 | Construir | Farm |
| 19:16 | Construir | Farm |
| 19:25 | Construir | Farm |
| 19:36 | Construir | Farm |
| 19:44 | Construir | House |
| 19:47 | Construir | House |
| 19:51 | Construir | Farm |
| 20:04 | Construir | Farm |
| 20:18 | Construir | Farm |
| 20:30 | Construir | Farm |
| 20:35 | Construir | Farm |
| 20:45 | Crear | Archer |
| 20:56 | Crear | Archer |
| 20:58 | Investigar | Tech None |
| 21:39 | Crear | Archer |
| 21:56 | Construir | Archery Range |
| 22:01 | Crear | Archer |
| 22:02 | Crear | Skirmisher |
| 22:28 | Crear | Skirmisher |
| 22:41 | Crear | Skirmisher |
| 22:41 | Construir | House |
| 22:41 | Construir | House |
| 22:54 | Crear | Archer |
| 22:54 | Crear | Skirmisher |
| 23:16 | Crear | Skirmisher |
| 23:39 | Investigar | Tech None |
| 23:39 | Investigar | Tech None |
| 23:39 | Construir | Town Center |
| 23:52 | Investigar | Tech None |
| 24:18 | Investigar | Tech None |
| 24:54 | Construir | Town Center |
| 25:17 | Investigar | Tech None |
| 25:49 | Investigar | Tech None |
| 25:50 | Construir | Siege Workshop |
| 25:53 | Construir | House |
| 25:55 | Construir | House |
| 26:05 | Construir | Farm |
| 26:18 | Construir | Farm |
| 26:26 | Construir | Farm |
| 26:30 | Construir | Farm |
| 26:37 | Construir | Farm |
| 27:07 | Construir | Farm |
| 27:15 | Construir | Farm |
| 27:19 | Construir | Farm |
| 27:31 | Construir | Farm |
| 27:35 | Construir | Farm |
| 27:40 | Construir | Farm |
| 28:07 | Construir | Farm |
| 28:14 | Construir | Farm |
| 28:43 | Construir | Farm |
| 28:49 | Construir | Lumber Camp |
| 28:49 | Construir | Lumber Camp |
| 28:50 | Construir | Farm |
| 29:09 | Investigar | Tech None |
| 29:16 | Construir | Farm |
| 29:23 | Construir | Farm |
| 29:29 | Construir | Farm |
| 29:34 | Construir | Farm |
| 29:39 | Construir | Farm |
| 29:51 | Construir | Mill |
| 29:58 | Construir | Farm |
| 30:06 | Construir | Farm |
| 30:20 | Construir | Farm |
| 30:22 | Construir | Farm |
| 30:30 | Construir | Farm |
| 30:39 | Construir | Farm |
| 30:43 | Construir | Farm |
| 30:46 | Construir | Farm |
| 30:56 | Construir | Lumber Camp |
| 31:05 | Investigar | Tech None |
| 31:20 | Crear | Archer |
| 31:20 | Crear | Archer |
| 31:20 | Construir | Monastery |
| 31:21 | Construir | Farm |
| 31:32 | Crear | Archer |
| 31:33 | Crear | Archer |
| 31:35 | Crear | Archer |
| 31:36 | Crear | Archer |
| 31:36 | Construir | Monastery |
| 31:38 | Crear | Archer |
| 31:38 | Crear | Archer |
| 31:47 | Crear | Archer |
| 31:48 | Construir | Monastery |
| 32:10 | Construir | House |
| 32:11 | Construir | House |
| 32:15 | Construir | Farm |
| 32:16 | Crear | Mangonel |
| 32:17 | Crear | Mangonel |
Cronología de la partida
| 8:54 | · first_building Barracks |
| 9:44 | · first_building Barracks |
| 9:54 | · first_building Barracks |
| 10:32 | · first_building Archery Range |
| 10:48 | 勇敢的叉叉 · first_building Barracks |
| 11:13 | · first_building Archery Range |
| 11:26 | · first_building Stable |
| 11:31 | 724488826 · age_up feudal |
| 11:33 | 随便哥 · age_up feudal |
| 13:01 | 勇敢的叉叉 · wall_segment Palisade Wall x2 |
| 13:06 | · first_building Barracks |
| 14:04 | · first_building Archery Range |
| 14:54 | · first_building Archery Range |
| 15:56 | 勇敢的叉叉 · age_up feudal |
| 16:47 | 724488826 · age_up castle |
| 17:03 | 随便哥 · age_up castle |
| 17:34 | · first_building Barracks |
| 17:35 | 勇敢的叉叉 · wall_segment Palisade Wall x10 |
| 18:38 | · first_building Stable |
| 19:42 | 随便哥 · first_building Castle |
| 21:19 | 勇敢的叉叉 · wall_segment Palisade Wall x10 |
| 21:22 | 724488826 · first_building Castle |
| 22:11 | 勇敢的叉叉 · wall_segment Palisade Wall x9 |
| 22:34 | 勇敢的叉叉 · age_up castle |
| 24:32 | 724488826 · first_building Monastery |
| 25:05 | · first_building Monastery |
| 25:17 | · first_building Siege Workshop |
| 25:50 | · first_building Siege Workshop |
| 27:49 | 勇敢的叉叉 · first_building Castle |
| 28:54 | 随便哥 · wall_segment Stone Wall x44 |
| 29:26 | 随便哥 · wall_segment Stone Wall x22 |
| 29:53 | 勇敢的叉叉 · first_building Monastery |
| 30:50 | · first_building Monastery |
| 30:50 | 随便哥 · wall_segment Stone Wall x21 |
| 30:58 | 随便哥 · wall_segment Stone Wall x12 |
| 31:01 | 随便哥 · wall_segment Stone Wall x12 |
| 31:05 | 随便哥 · wall_segment Stone Wall x14 |
| 31:20 | · first_building Monastery |
| 31:23 | · first_building Monastery |
| 31:25 | · first_building Siege Workshop |
| 31:29 | 随便哥 · first_building Monastery |
| 32:12 | · first_building Castle |
| 32:55 | · first_building Monastery |
| 33:02 | · first_building Siege Workshop |
| 33:03 | 随便哥 · wall_segment Stone Wall x6 |
| 33:09 | 随便哥 · wall_segment Stone Wall x22 |
| 33:12 | 随便哥 · wall_segment Stone Wall x10 |
| 33:34 | 随便哥 · first_building Barracks |
| 33:34 | · first_building Stable |
| 33:47 | · first_market_sell 100 food |
| 33:49 | · first_building Stable |
| 33:52 | · first_market_sell 100 food |
| 34:03 | · first_market_buy 100 food |
| 34:09 | 勇敢的叉叉 · first_building Stable |
| 34:40 | 随便哥 · wall_segment Stone Wall x54 |
| 35:48 | · first_market_buy 100 food |
| 35:51 | · first_building Siege Workshop |
| 36:12 | 随便哥 · first_building Archery Range |
| 36:33 | · first_building Castle |
| 36:34 | · first_market_sell 100 food |
| 36:41 | 724488826 · first_building Barracks |
| 37:32 | 随便哥 · wall_segment Stone Wall x14 |
| 37:32 | · first_building Archery Range |
| 37:35 | · first_market_sell 100 food |
| 38:19 | · first_building Castle |
| 38:21 | 随便哥 · age_up imperial |
| 39:03 | 随便哥 · wall_segment Stone Wall x19 |
| 39:04 | · first_building Castle |
| 39:46 | · first_market_sell 100 food |
| 40:07 | · first_building Stable |
| 41:51 | · first_building Castle |
| 42:45 | 随便哥 · first_building Stable |
| 43:40 | 勇敢的叉叉 · first_building Siege Workshop |
| 45:51 | 724488826 · age_up imperial |
| 51:03 | 随便哥 · first_building Siege Workshop |
| 53:13 | 勇敢的叉叉 · age_up imperial |
| 62:50 | 724488826 · first_building Stable |
| 63:32 | · first_market_buy 100 wood |
| 65:10 | · first_market_buy 100 wood |
| 65:48 | 勇敢的叉叉 · first_building Archery Range |
| 69:13 | · first_market_buy 100 stone |
| 77:51 | 勇敢的叉叉 · first_market_sell 500 wood |
| 78:30 | · resign |
| 78:49 | 724488826 · wall_segment Stone Wall x80 |
| 81:13 | 724488826 · wall_segment Stone Wall x78 |
| 82:03 | 724488826 · first_building Archery Range |
[ ANÁLISIS IA · 1 CRÉDITO ]
¿Qué pasó realmente en esta partida?
Wolo.gg analiza cada decisión: build order, eco, micro, errores típicos por bracket. Análisis personalizado por WhatsApp o Discord en 30 segundos.
Guía civ
Hunos
Perfil
Jugador #7338221